 Dungeon Crawl Stone Soup version 0.22-a0-353-g2d6336e (webtiles) character file.

87 Amnesiac the Magician (level 4, -2/32 HPs)
             Began as a Mummy Earth Elementalist on Apr 15, 2018.
             Slain by a hobgoblin
             ... wielding a +0 club
             ... led by Robin
              (6 damage)
             ... on level 4 of the Dungeon.
             The game lasted 00:03:49 (2443 turns).

Amnesiac the Magician (Mummy Earth Elementalist)    Turns: 2443, Time: 00:03:50

Health: -2/32      AC:  5    Str: 11    XL:     4   Next: 28%
Magic:  1/8        EV: 12    Int: 15    God:
Gold:   111        SH:  0    Dex: 12    Spells: 7/9 levels left

rFire    x . .     SeeInvis .   a - +0 mace
rCold    + . .     Gourm    .   (no shield)
rNeg     + + +     Faith    .   c - +0 robe
rPois    ∞         Spirit   .   (no helmet)
rElec    .         Reflect  .   (no cloak)
rCorr    .         Harm     .   f - +2 pair of gloves {archery}
MR       .....                  (no boots)
Stlth    ++........             (no amulet)
HPRegen  0.10/turn              (no ring)
MPRegen  0.11/turn              (no ring)

@: no status effects
A: no food or potions, fire vulnerability, cold resistance 1, negative energy
resistance 3, torment resistance, unbreathing
a: no special abilities


You were on level 4 of the Dungeon.
You were not hungry.

You visited 1 branch of the dungeon, and saw 4 of its levels.

You collected 111 gold pieces.

Inventory:

Hand Weapons
 a - a +0 mace (weapon)
 d - a +1 dagger
Missiles
 b - 173 stones (quivered)
 k - 18 poisoned needles
Armour
 c - a +0 robe (worn)
 f - a +2 pair of gloves of archery (worn)
 h - a +0 pair of boots
Scrolls
 g - a scroll of fog {!r}
 i - a scroll of enchant weapon {!r}
 j - a scroll of remove curse {!r}


   Skills:
 + Level 1.1 Fighting
 * Level 2.4 Dodging
 - Level 1.5 Stealth
 + Level 3.3 Spellcasting
 - Level 0.7 Transmutations
 * Level 3.2 Earth Magic


You had 7 spell levels left.
You knew the following spells:

 Your Spells              Type           Power        Failure   Level  Hunger
b - Passwall              Tmut/Erth      #.........   13%         2    N/A

Dungeon Overview and Level Annotations

Branches:
Dungeon (4/15)
 Temple: D:4-7

Altars:

Annotations:
D:3 1 runed door
D:4 Robin


Innate Abilities, Weirdness & Mutations

You do not eat or drink.
Your flesh is vulnerable to fire.
You are immune to poison.
Your flesh is cold resistant. (rC+)
You are immune to negative energy. (rN+++)
You are immune to unholy pain and torment.
You can survive without breathing.


Message History

Confirm with . or Enter, or press ? or * to list all spells.
You don't have enough magic to cast that spell.
Casting: Sandblast (safe; 4% risk of failure)
Confirm with . or Enter, or press ? or * to list all spells.
You don't have enough magic to cast that spell.
You hit Robin.
Robin is lightly wounded.
Robin says, "Kneel, worm!"
Robin closely misses you.
You hit Robin.
Robin is moderately wounded.
The hobgoblin barely misses you. The hobgoblin hits you with a club.
Casting: Sandblast (safe; 4% risk of failure)
Confirm with . or Enter, or press ? or * to list all spells.
Aiming: Sandblast (safe; 4% risk of failure)
Press: ? - help, Shift-Dir - straight line, f/p - Robin
Aim: Robin, wielding a mace, wearing an animal skin and wearing a helmet (moderately wounded)
The blast of sand hits Robin.
Robin is moderately wounded.
b - 173 stones The hobgoblin hits you but does no damage.
Really read
i - 2 scrolls labeled TOTZAL DIHIRCH {!r}?
As you read the scroll labeled TOTZAL DIHIRCH {!r}, it crumbles to dust.
It is a scroll of enchant weapon.
Your dagger glows red for a moment.
Robin hits you with a mace.
The hobgoblin hits you but does no damage.
A goblin comes into view. It is wielding a club.
Really read
g - 2 scrolls labeled UJOUTY OK XIS {!r}?
As you read the scroll labeled UJOUTY OK XIS {!r}, it crumbles to dust.
The scroll dissolves into smoke.
It was a scroll of fog {!r}.
The hobgoblin no longer looks unusually strong.
The hobgoblin hits you with a club.
Robin says, "Feeling lonely?"
Robin hits you with a mace.
* * * LOW HITPOINT WARNING * * *
The hobgoblin hits you with a club.
* * * LOW HITPOINT WARNING * * *
Really read
m - a scroll labeled YNGU TEMUMECRI {!r}?
As you read the scroll labeled YNGU TEMUMECRI {!r}, it crumbles to dust.
Your brain hurts!
It was a scroll of random uselessness {!r}.
The hobgoblin closely misses you. Robin hits you with a mace!
* * * LOW HITPOINT WARNING * * *
Really read
l - a scroll labeled DOBINN JAIRHE {!r}?
As you read the scroll labeled DOBINN JAIRHE {!r}, it crumbles to dust.
It is a scroll of identify.
j - a scroll of remove curse {!r} The hobgoblin barely misses you.
The hobgoblin hits you but does no damage.
Really read
e - a scroll labeled ZISEGU LYOCVI {!r}?
As you read the scroll labeled ZISEGU LYOCVI {!r}, it crumbles to dust.
It is a scroll of amnesia.
Your memory of Sandblast unravels.
The hobgoblin no longer looks unusually strong.
Robin barely misses you. The hobgoblin barely misses you.
The hobgoblin hits you but does no damage.
You hit the hobgoblin.
The hobgoblin is almost dead.
Robin says, "Feeling lonely?"
Robin roars a battlecry!
The hobgoblins go into a battle-frenzy!
The hobgoblin hits you with a club.
You die...

.... # #...## .##.....
....... #+# #...## #.(#
#...## #..#######.....
######).#...........
...##§g@##..##..........
.....§gg##..##........##
.....§§§§...##...##...#
............##...##...#
...#######..##...#......
.. ##...##g###...#......
. g.g...).).....#......
.g.....)......#......
############### #####


You could see Robin and 2 hobgoblins.

Vanquished Creatures
  3 adders
  2 oozes (D:1)
  A worm (D:3)
  A leopard gecko (D:4)
  2 orcs (D:3)
  2 ball pythons
  2 giant cockroaches (D:1)
  10 goblins
  7 hobgoblins
  A quokka (D:4)
  3 bats
  3 frilled lizards
  3 kobolds (D:1)
  3 rats (D:1)
43 creatures vanquished.

Notes
Turn   | Place    | Note
-------+----------+-------------------------------------------
     0 | D:1      | Amnesiac the Mummy Earth Elementalist began the quest for the Orb.
     0 | D:1      | Reached XP level 1. HP: 13/13 MP: 4/4
   536 | D:1      | Reached XP level 2. HP: 8/19 MP: 5/5
   667 | D:1      | Learned a level 2 spell: Passwall
  1339 | D:1      | Reached XP level 3. HP: 15/25 MP: 5/7
  1993 | D:3      | Found a runed door.
  2119 | D:3      | Reached skill level 1 in Fighting
  2356 | D:4      | Reached XP level 4. HP: 30/32 MP: 4/8
  2421 | D:4      | Noticed Robin
  2443 | D:4      | Slain by a hobgoblin

Vault maps used:
D:1:      dpeg_arrival_morbid_curiosity
D:2:      serial_curves, eino_curves_04, eino_curves_03, eino_curves_04,
          eino_curves_04, uniq_terence
D:3:      uniq_crazy_yiuf_cottage
D:4:      first_ration, uniq_sigmund, uniq_eustachio, uniq_robin

Skill      XL: |  1  2  3 |
---------------+----------+-----
Dodging        | 2 |  2.4
Spellcasting   | 3 |  3.3
Earth Magic    | 3 |  3.2
Fighting       | 1 |  1.1
Stealth        | |  1.5
Transmutations | |  0.7

Action                   |  1- 3 |  4- 6 || total
-------------------------+-------+-------++-------
Melee: Mace              |    93 |     3 ||    96
 Cast: Sandblast         |    28 |    14 ||    42
  Use: Scroll            |       |     5 ||     5
 Stab: Sleeping          |     7 |       ||     7
Armor: Robe              |    32 |     3 ||    35
Dodge: Dodged            |    80 |     7 ||    87

Table legend:
 A = Spawn XP
 B = Non-spawn XP
 C = Spawn XP percentage of total XP
 D = Spawn monster count
 E = Non-spawn monster count
 F = Spawn count percentage of total count
 G = Total turns spent on level
                    A         B        C        D         E        F      G
               +---------+---------+-------+---------+---------+-------+---------
         Total |       0 |     125 |   0.0 |       0 |      43 |   0.0 |  2443
               +---------+---------+-------+---------+---------+-------+---------
           D:1 |       0 |      45 |   0.0 |       0 |      21 |   0.0 |  1647
           D:2 |       0 |      13 |   0.0 |       0 |       1 |   0.0 |    55
           D:3 |       0 |      31 |   0.0 |       0 |       9 |   0.0 |   584
           D:4 |       0 |      36 |   0.0 |       0 |      12 |   0.0 |   157
               +---------+---------+-------+---------+---------+-------+---------
